 Dungeon Crawl Stone Soup version 0.30-a0-782-ge64f9170bb (webtiles) character file.

Game seed: 7509768538679383432

42 Leeroy the Insei (level 3, -1/34 HPs)
             Began as an Octopode Transmuter on Feb 22, 2023.
             Succumbed to a kobold's poison
             ... on level 1 of the Dungeon.
             The game lasted 00:00:43 (688 turns).

Leeroy the Insei (Octopode Transmuter)               Turns: 688, Time: 00:00:44

Health: -1/34      AC: 21    Str:  9    XL:     3   Next: 54%
Magic:  6/6        EV:  2    Int: 17    God:
Gold:   5          SH:  0    Dex: 12    Spells: 5/6 levels left

rFire   . . .      SeeInvis .      - Unarmed
rCold   . . .      Faith    .    (no shield)
rNeg    . . .      Spirit   .    (helmet currently unavailable)
rPois   +          Reflect  .    (no amulet)
rElec   .          Harm     .    (no ring)
rCorr   .          Rampage  .    (no ring)
Will    .....      NoTele   +    (no ring)
Stlth   +                        (no ring)
HPRegen 0.25/turn                (no ring)
MPRegen 0.10/turn                (no ring)
                                 (no ring)
                                 (no ring)

@: brilliant, lethally poisoned (-1 -> -15), tree-form
A: stationary, stasis, torment immunity, boosted hp, almost no armour,
(amphibious), 8 rings, (camouflage 1), (gelatinous body 1), (nimble swimmer 1),
(tentacles)
a: no special abilities


You were on level 1 of the Dungeon.
You were a tree.
You visited 1 branch of the dungeon, and saw 1 of its levels.

You collected 5 gold pieces.

Inventory:

Missiles
 b - 4 curare-tipped darts
Scrolls
 c - 3 scrolls of teleportation {unknown}
 d - 2 scrolls of magic mapping {unknown}
 f - 2 scrolls of identify {unknown}


   Skills:
 - Level 1.0 Fighting
 - Level 2.0 Dodging
 + Level 4.4 Unarmed Combat
 - Level 2.0 Spellcasting
 - Level 2.0 Transmutations


You had 5 spell levels left.
You knew the following spells:

 Your Spells              Type           Power      Damage    Failure   Level
a - Beastly Appendage     Tmut           24%        N/A       9%          1

Your spell library contained the following spells:

 Spells                   Type           Power      Damage    Failure   Level
 Wereblood                Tmut           12%        N/A       13%         2
 Spider Form              Tmut/Pois      7%         N/A       36%         3
 Ice Form                 Ice/Tmut       7%         N/A       77%         4


Dungeon Overview and Level Annotations

Branches:
Dungeon (1/15)

Altars:


Innate Abilities, Weirdness & Mutations

You are a tree.
Your roots penetrate the ground, keeping you stationary.
You cannot be teleported.
You are immune to unholy pain and torment.
Your maximum health is greatly increased.
You cannot wear most types of armour.
((You are amphibious.))
You can wear up to eight rings at the same time.
((Your skin changes colour to match your surroundings (Stealth+).))
((Your rubbery body absorbs attacks. (AC +1, EV +1)))
((You are camouflaged when in or above water. (Stealth+)))
((You have tentacles for arms and can constrict up to eight enemies at once.))


Message History

You tentacle-slap the ball python but do no damage.
Your grab misses the ball python. The ball python bites you.
The ball python barely misses you. The kobold hits you but does no damage.
You are poisoned.
You tentacle-slap the ball python. You grab the ball python.
You squeeze the ball python.
You kill the ball python!
You feel sick. The kobold hits you but does no damage.
You are more poisoned.
You tentacle-slap the kobold. Your grab misses the kobold.
Your squeeze misses the kobold.
The kobold is moderately wounded.
You feel sick.
You barely miss the kobold. Your grab misses the kobold.
The kobold is moderately wounded.
You feel sick.
The kobold hits you with a +0 short sword of venom.
You are lethally poisoned!
You are too injured to fight recklessly!
You are too injured to fight recklessly!
You are too injured to fight recklessly!
You are too injured to fight recklessly!
You are too injured to fight recklessly!
You tentacle-slap the kobold. You grab the kobold.
The kobold is heavily wounded.
You constrict the kobold.
You feel very sick.
The kobold hits you with a +0 short sword of venom.
* * * LOW HITPOINT WARNING * * *
You are more poisoned.
It was a potion of brilliance.
You feel clever all of a sudden.
You constrict the kobold, but do no damage.
* * * LOW HITPOINT WARNING * * *
You feel very sick. The kobold barely misses you.
Really quaff the potion of lignification?
You turn into a tree.
Your roots penetrate the ground.
You lose your grip on the kobold.
You die...

#### # ..# #. #†#
###.## #.#
......##.########
#...........#
#†♣#.######.#
#....K...# #.#
#.#......# #.#
..$(....#
#.#######
..(.....###
#.#......
#######.#
#.#.####. #.#
#.#.# #. .. ##+##
#.#.## #. .....
##...## #.>..###.


You could see a kobold.

Vanquished Creatures
  2 dart slugs (D:1)
  4 endoplasms (D:1)
  A giant cockroach (D:1)
  A goblin (D:1)
  5 hobgoblins (D:1)
  5 kobolds (D:1)
  7 ball pythons (D:1)
  4 bats (D:1)
  A frilled lizard (D:1)
  5 rats (D:1)
35 creatures vanquished.

Notes
Turn   | Place    | Note
-------+----------+-------------------------------------------
     0 | D:1      | Leeroy the Octopode Transmuter began the quest for the Orb.
     0 | D:1      | Reached XP level 1. HP: 13/13 MP: 3/3
    95 | D:1      | Reached XP level 2. HP: 12/18 MP: 5/5
   384 | D:1      | Reached skill level 4 in Unarmed Combat
   419 | D:1      | Reached XP level 3. HP: 18/23 MP: 6/6
   687 | D:1      | HP: 1/23 [poisoned by a kobold]
   688 | D:1      | Succumbed to a kobold's poison

Illustrated notes

Levels and vault maps discovered:
D:1:      dpeg_arrival_three_bigger_balls, layout_loops_corners,
          minmay_hexomino_u4

Skill      XL: |  1  2 |
---------------+-------+-----
Unarmed Combat | 4 |  4.4
Fighting       | |  1.0
Dodging        | |  2.0
Spellcasting   | |  2.0
Transmutations | |  2.0

Action                     || total
---------------------------++-------
  Melee: Unarmed           ||    68
         Constrict         ||    19
         Tentacles         ||    15
         Punch             ||     1
         Kick              ||     4
   Cast: Beastly Appendage ||     1
    Use: Potion            ||     2
   Stab: Sleeping          ||     6
 Armour: Skin              ||     9
  Dodge: Dodged            ||    46

Table legend: (Time is in decaauts)
 A = Elapsed time spent in this place.
 B = Non-inter-level travel time spent in this place.
 C = Inter-level travel time spent in this place.
 D = Time resting spent in this place.
 E = Time spent auto-exploring this place.
 F = Levels seen in this place.
 G = Mean time per level.
                   A        B        C        D        E       F      G
               +--------+--------+--------+--------+--------+-----+--------+
         Total |    682 |    676 |      6 |      0 |    514 |   1 |  682.0 |
       Dungeon |    682 |    676 |      6 |      0 |    514 |   1 |  682.0 |
               +--------+--------+--------+--------+--------+-----+--------+

Top non-repeatable levels by time:
     D:1: 682 daAuts
